 Dungeon Crawl Stone Soup version 0.16.2-12-gd0ad4c3 (webtiles) character file.

10 hannobal the Magician (level 2, 0/17 HPs)
             Began as an Octopode Wizard on Oct 8, 2015.
             Slain by a giant cockroach (2 damage)
             ... on level 1 of the Dungeon.
             The game lasted 00:02:22 (576 turns).

hannobal the Magician (Octopode Wizard)              Turns: 576, Time: 00:02:22

Health: 0/17       AC:  1    Str:  6    XL:     2   Next: 20%
Magic:  0/6        EV: 12    Int: 20    God:
Gold:   43         SH:  0    Dex: 10    Spells: 4 memorised, 0 levels left

rFire  . . .     SeeInvis .     a - +3 mace
rCold  . . .     Clarity  .     (no shield)
rNeg   . . .     SustAb   .     b - +0 hat
rPois  .         Gourm    .     (no amulet)
rElec  .         Spirit   .     (no ring)
rCorr  .         Warding  .     (no ring)
rMut   .         Stasis   .     (no ring)
MR     .....                    (no ring)
Stlth  +++.......               (no ring)
                                (no ring)
                                (no ring)
                                (no ring)

@: repel missiles, not resistant to hostile enchantments, fairly stealthy
A: almost no armour, amphibious, 8 rings, constrict 8, camouflage 1, gelatinous
body 1
a: no special abilities


You were on level 1 of the Dungeon.
You were not hungry.

You visited 1 branch of the dungeon, and saw 1 of its levels.

You collected 43 gold pieces.

Inventory:

Hand weapons
 a - a +3 mace (weapon)
 f - a +0 dagger
Missiles
 e - 4 stones (quivered)
Armour
 b - a +0 hat (worn)
Books
 c - a book of Minor Magic

   Spells                             Type                      Level
   a - Magic Dart                     Conjuration                  1
   b - Blink                          Translocation                2
   c - Call Imp                       Summoning                    2
   d - Repel Missiles                 Charms/Air                   2
   e - Slow                           Hexes                        2
   f - Conjure Flame                  Conjuration/Fire             3
   g - Mephitic Cloud                 Conjuration/Poison/Air       3
Comestibles
 d - a bread ration {@e1}
 g - 3 chunks of flesh {@w0}


   Skills:
 - Level 2.0 Dodging
 - Level 2.6 Stealth
 - Level 3.0 Spellcasting
 + Level 2.1 Conjurations
 + Level 1.0 Summonings
 + Level 1.0 Translocations
 + Level 0.2 Air Magic


You couldn't memorise any spells.
You knew the following spells:

 Your Spells              Type           Power        Failure   Level  Hunger
b - Blink                 Tloc           N/A          17%         2    ##.....
i - Call Imp              Summ           #.......     17%         2    ##.....
r - Repel Missiles        Chrm/Air       #.....       24%         2    ##.....
z - Magic Dart            Conj           ##..         10%         1    None


Dungeon Overview and Level Annotations

Branches:
Dungeon (1/15)

Altars:


Innate Abilities, Weirdness & Mutations

You cannot wear most types of armour.
You are amphibious.
You can wear up to eight rings at the same time.
You can use your tentacles to constrict many enemies at once.
Your skin changes colour to match your surroundings (Stealth).
Your rubbery body absorbs attacks (AC +1).


Message History

The giant cockroach is moderately wounded.
You constrict the giant cockroach, but do no damage.
The giant cockroach bites you.
* * * LOW HITPOINT WARNING * * *
The giant cockroach bites you.
* * * LOW HITPOINT WARNING * * *
You release your grip on the giant cockroach.
The giant cockroach waves its antennae.
You see here a club.
The giant cockroach bites you.
* * * LOW HITPOINT WARNING * * *
Your magical contamination has completely faded away.
Press: ? - help, v - describe, . - travel
Here: a giant cockroach (moderately wounded, clinging)
The floor.
Casting: Magic Dart
Confirm with . or Enter, or press ? or * to list all spells.
A shadowy apparition takes form in the air.
The giant cockroach bites you.
You die...

.......##........#
......h†......>..#
.......##........#
..... #........#
.... #..).....#
.## #...h....#
##....5### #.###s#
#.# #@# #.# #.# .
##+###'##
.###.......#
###..##.......#
###.............#
#..........###'##
#..........# #.#
#.......##.# #.#


You could see a jackal, a giant cockroach and a friendly shadow imp.

Vanquished Creatures
  A goblin (D:1)
  A hobgoblin (D:1)
  2 jackals (D:1)
  A kobold (D:1)
  2 bats (D:1)
  2 giant newts (D:1)
9 creatures vanquished.

Notes
Turn   | Place    | Note
--------------------------------------------------------------
     0 | D:1      | hannobal, the Octopode Wizard, began the quest for the Orb.
     0 | D:1      | Reached XP level 1. HP: 11/11 MP: 4/4
   513 | D:1      | Reached XP level 2. HP: 17/17 MP: 3/6
   517 | D:1      | Learned a level 2 spell: Blink
   520 | D:1      | Learned a level 2 spell: Call Imp
   523 | D:1      | Learned a level 2 spell: Repel Missiles
   576 | D:1      | Slain by a giant cockroach

Action                   || total
-------------------------++-------
Melee: Mace              ||    10
       Dagger            ||     1
 Cast: Magic Dart        ||    19
       Call Imp          ||     1
       Repel Missiles    ||     1
  Use: Scroll            ||     2
